[ AOE2 MATCH · #483906285 ]
Team RMKhmer vs Spanish
[ REPLAY ANALYSIS · EXTRACTED FROM THE RECORDED GAME ]
Feudal
12:05
Castle
17:23
Imperial
—
| APM avg | 11.1 |
| APM peak | 27 |
| eAPM avg | 9.4 |
| Villagers / military | 100 / 41 |
Focus
⚔️ 14.7% · 🌾 85.3%
Battle Elephant ×35 · Trade Cart ×7 · Knight ×5 · Monk ×1
Feudal
14:22
Castle
22:36
Imperial
—
| APM avg | 12.7 |
| APM peak | 37 |
| eAPM avg | 8.6 |
| Villagers / military | 65 / 42 |
Focus
⚔️ 15.5% · 🌾 84.5%
Conquistador ×22 · Spearman ×10 · Militia ×5 · Trade Cart ×5 · Battering Ram ×3 · Monk ×1
Feudal
15:56
Castle
25:42
Imperial
—
| APM avg | 10.9 |
| APM peak | 32 |
| eAPM avg | 7.9 |
| Villagers / military | 85 / 1 |
Focus
⚔️ 9.1% · 🌾 90.9%
Trade Cart ×11 · Monk ×1
Feudal
13:46
Castle
21:28
Imperial
31:11
| APM avg | 8.7 |
| APM peak | 20 |
| eAPM avg | 6.9 |
| Villagers / military | 69 / 36 |
Focus
⚔️ 14.1% · 🌾 85.9%
Coustillier ×36 · Trade Cart ×4
Match map
Initial resources + every placement click. Lines = walls · curves = elevation contours. ◆ gold · ⬟ stone · ● berries · ✦ relic · ◌ wall gap
Your base· ✓ Closed at 17:23 · 18t walls · no gate
Hynix911's base· ✓ Closed at 22:36 · 15t walls · 1 gate(s)
Mobea18's base· ✓ Closed at 25:42 · 38t walls · 2 gate(s)
NiggoPuschel92's base· ✓ Closed at 21:28 · 6t walls · no gate
Smoothed initial terrain · ◌ = detected wall gap · hover for details
Inputs per minute
— delmukil - - Hynix911
Build order — delmukil
First 150 of 209 actions detected
| 0:02 | Create | Villager (Male) |
| 0:03 | Create | Villager (Male) |
| 0:03 | Create | Villager (Male) |
| 0:03 | Create | Villager (Male) |
| 0:04 | Create | Villager (Male) |
| 0:07 | Build | House |
| 0:09 | Build | House |
| 1:31 | Create | Villager (Male) |
| 2:20 | Create | Villager (Male) |
| 2:45 | Create | Villager (Male) |
| 3:17 | Create | Villager (Male) |
| 3:19 | Create | Villager (Male) |
| 4:18 | Create | Villager (Male) |
| 4:32 | Build | House |
| 4:40 | Create | Villager (Male) |
| 5:01 | Create | Villager (Male) |
| 5:03 | Create | Villager (Male) |
| 5:03 | Create | Villager (Male) |
| 6:16 | Create | Villager (Male) |
| 6:17 | Create | Villager (Male) |
| 6:46 | Build | House |
| 6:53 | Create | Villager (Male) |
| 6:58 | Create | Villager (Male) |
| 6:58 | Create | Villager (Male) |
| 7:18 | Research | Loom |
| 7:27 | Build | Mill |
| 7:57 | Create | Villager (Male) |
| 8:33 | Build | Lumber Camp |
| 8:45 | Create | Villager (Male) |
| 8:48 | Create | Villager (Male) |
| 9:12 | Research | Loom |
| 9:32 | Research | Feudal Age |
| 10:09 | Build | Farm |
| 10:16 | Build | Farm |
| 10:57 | Build | Farm |
| 11:20 | Build | Farm |
| 11:49 | Build | Mining Camp |
| 12:01 | Build | House |
| 12:05 | Age | Feudal Age |
| 12:12 | Create | Villager (Male) |
| 12:20 | Build | Market |
| 12:50 | Create | Villager (Male) |
| 12:52 | Create | Villager (Male) |
| 12:55 | Build | Farm |
| 12:55 | Build | Farm |
| 12:56 | Build | Farm |
| 12:57 | Build | Farm |
| 12:59 | Create | Villager (Male) |
| 12:59 | Create | Villager (Male) |
| 13:00 | Create | Villager (Male) |
| 14:22 | Build | Stable |
| 14:38 | Create | Villager (Male) |
| 14:43 | Research | Castle Age |
| 14:53 | Build | Farm |
| 14:54 | Build | Farm |
| 14:54 | Build | Farm |
| 14:54 | Build | Farm |
| 15:20 | Build | Stone Wall |
| 15:37 | Build | Stone Wall |
| 17:16 | Build | House |
| 17:20 | Build | House |
| 17:23 | Age | Castle Age |
| 17:29 | Create | Knight |
| 17:30 | Create | Knight |
| 17:38 | Build | Gate |
| 17:44 | Create | Villager (Male) |
| 17:51 | Create | Villager (Male) |
| 17:51 | Create | Villager (Male) |
| 18:17 | Create | Knight |
| 18:25 | Build | Town Center |
| 18:56 | Create | Villager (Male) |
| 18:57 | Create | Villager (Male) |
| 19:51 | Create | Villager (Male) |
| 20:16 | Create | Villager (Male) |
| 20:17 | Create | Villager (Male) |
| 20:17 | Create | Villager (Male) |
| 20:24 | Create | Villager (Male) |
| 20:24 | Create | Villager (Male) |
| 20:25 | Create | Villager (Male) |
| 20:35 | Create | Knight |
| 20:35 | Create | Knight |
| 20:50 | Create | Villager (Male) |
| 20:52 | Create | Villager (Male) |
| 20:56 | Build | Farm |
| 20:57 | Build | Farm |
| 20:57 | Build | Farm |
| 21:21 | Build | House |
| 21:22 | Build | House |
| 21:27 | Research | Wheelbarrow |
| 21:28 | Research | Town Watch |
| 21:45 | Research | Town Watch |
| 22:08 | Build | Monastery |
| 22:24 | Build | House |
| 22:29 | Build | House |
| 22:34 | Build | House |
| 22:42 | Create | Villager (Male) |
| 22:49 | Create | Villager (Male) |
| 22:49 | Create | Villager (Male) |
| 22:49 | Create | Villager (Male) |
| 22:51 | Create | Villager (Male) |
| 22:52 | Create | Villager (Male) |
| 22:52 | Create | Villager (Male) |
| 23:10 | Build | Blacksmith |
| 23:24 | Create | Villager (Male) |
| 23:24 | Create | Villager (Male) |
| 23:26 | Create | Villager (Male) |
| 23:27 | Create | Villager (Male) |
| 23:35 | Create | Villager (Male) |
| 23:35 | Create | Villager (Male) |
| 23:36 | Create | Villager (Male) |
| 23:54 | Create | Monk |
| 24:17 | Research | Scale Barding Armor |
| 24:22 | Create | Villager (Male) |
| 24:22 | Create | Villager (Male) |
| 24:25 | Create | Trade Cart |
| 24:25 | Create | Trade Cart |
| 24:26 | Create | Trade Cart |
| 24:26 | Create | Trade Cart |
| 24:26 | Create | Trade Cart |
| 24:26 | Create | Trade Cart |
| 24:27 | Create | Trade Cart |
| 24:44 | Build | House |
| 24:54 | Create | Villager (Male) |
| 24:55 | Create | Villager (Male) |
| 25:00 | Build | Farm |
| 25:01 | Build | Farm |
| 25:01 | Build | Farm |
| 25:01 | Build | Farm |
| 25:01 | Build | Farm |
| 25:01 | Build | Farm |
| 25:02 | Build | Farm |
| 25:02 | Build | Farm |
| 25:05 | Create | Villager (Male) |
| 25:05 | Create | Villager (Male) |
| 25:28 | Build | Stable |
| 25:47 | Build | Siege Workshop |
| 26:07 | Create | Villager (Male) |
| 26:07 | Create | Villager (Male) |
| 26:08 | Create | Villager (Male) |
| 26:11 | Create | Villager (Male) |
| 26:12 | Create | Villager (Male) |
| 26:12 | Create | Villager (Male) |
| 26:12 | Create | Villager (Male) |
| 26:24 | Research | Gold Mining |
| 26:26 | Research | Horse Collar |
| 26:30 | Research | Double-Bit Axe |
| 26:40 | Build | House |
| 26:41 | Build | House |
| 26:44 | Build | House |
| 26:46 | Build | House |
Build order — Hynix911
First 150 of 172 actions detected
| 0:15 | Build | House |
| 0:17 | Build | House |
| 0:20 | Create | Villager (Male) |
| 0:21 | Create | Villager (Male) |
| 0:21 | Create | Villager (Male) |
| 0:21 | Create | Villager (Male) |
| 0:21 | Create | Villager (Male) |
| 1:18 | Build | Palisade Wall |
| 2:58 | Create | Villager (Male) |
| 2:58 | Create | Villager (Male) |
| 3:29 | Create | Villager (Male) |
| 3:40 | Create | Villager (Male) |
| 3:40 | Create | Villager (Male) |
| 3:40 | Create | Villager (Male) |
| 4:13 | Create | Villager (Male) |
| 4:52 | Build | House |
| 4:53 | Build | House |
| 5:38 | Create | Villager (Male) |
| 5:48 | Create | Villager (Male) |
| 5:49 | Create | Villager (Male) |
| 6:35 | Create | Villager (Male) |
| 6:52 | Build | Mill |
| 6:56 | Create | Villager (Male) |
| 6:56 | Create | Villager (Male) |
| 7:33 | Build | Lumber Camp |
| 7:45 | Create | Villager (Male) |
| 7:45 | Create | Villager (Male) |
| 8:53 | Build | House |
| 8:58 | Create | Villager (Male) |
| 9:27 | Create | Villager (Male) |
| 9:50 | Create | Villager (Male) |
| 10:14 | Create | Villager (Male) |
| 10:14 | Create | Villager (Male) |
| 10:40 | Build | Farm |
| 10:41 | Build | Farm |
| 10:41 | Build | Farm |
| 10:41 | Build | Farm |
| 10:41 | Build | Farm |
| 10:42 | Build | Farm |
| 10:51 | Build | Mining Camp |
| 11:12 | Build | Farm |
| 11:13 | Build | Farm |
| 11:13 | Build | Farm |
| 11:13 | Build | Farm |
| 11:16 | Build | Farm |
| 11:29 | Build | Farm |
| 11:51 | Build | Farm |
| 12:12 | Research | Feudal Age |
| 12:23 | Build | Farm |
| 13:17 | Build | Barracks |
| 14:08 | Create | Militia |
| 14:08 | Create | Militia |
| 14:08 | Create | Militia |
| 14:08 | Create | Militia |
| 14:09 | Create | Militia |
| 14:22 | Age | Feudal Age |
| 14:30 | Create | Villager (Male) |
| 14:30 | Create | Villager (Male) |
| 14:37 | Build | House |
| 15:00 | Build | Stone Wall |
| 15:09 | Build | Gate |
| 15:22 | Research | Arson |
| 15:24 | Research | Man-at-Arms (upgrade) |
| 15:28 | Research | Double-Bit Axe |
| 15:39 | Build | Market |
| 15:45 | Create | Villager (Male) |
| 15:46 | Create | Villager (Male) |
| 15:46 | Create | Villager (Male) |
| 16:43 | Build | Mining Camp |
| 16:45 | Create | Villager (Male) |
| 16:45 | Create | Villager (Male) |
| 16:45 | Create | Villager (Male) |
| 16:45 | Create | Villager (Male) |
| 16:54 | Build | House |
| 17:00 | Build | House |
| 18:10 | Create | Trade Cart |
| 18:10 | Create | Trade Cart |
| 18:10 | Create | Trade Cart |
| 19:09 | Build | Blacksmith |
| 19:49 | Build | House |
| 19:56 | Research | Castle Age |
| 20:54 | Create | Villager (Male) |
| 20:54 | Create | Villager (Male) |
| 20:55 | Create | Villager (Male) |
| 20:55 | Create | Villager (Male) |
| 21:12 | Research | Horse Collar |
| 21:14 | Create | Villager (Male) |
| 21:42 | Research | Gold Mining |
| 22:36 | Age | Castle Age |
| 22:39 | Build | Town Center |
| 23:56 | Build | Castle |
| 24:05 | Create | Villager (Male) |
| 24:05 | Create | Villager (Male) |
| 24:06 | Create | Villager (Male) |
| 24:06 | Create | Villager (Male) |
| 24:26 | Create | Villager (Male) |
| 24:26 | Create | Villager (Male) |
| 24:26 | Create | Villager (Male) |
| 24:49 | Create | Spearman ×5 |
| 24:49 | Create | Spearman ×5 |
| 25:23 | Build | Monastery |
| 25:34 | Research | Bow Saw |
| 25:44 | Create | Villager (Male) |
| 25:57 | Create | Monk |
| 26:24 | Build | Siege Workshop |
| 26:38 | Create | Conquistador |
| 26:39 | Create | Conquistador |
| 26:39 | Create | Conquistador |
| 27:08 | Create | Mangonel |
| 27:40 | Create | Trade Cart |
| 27:40 | Create | Trade Cart |
| 27:45 | Create | Villager (Male) |
| 27:45 | Create | Villager (Male) |
| 27:45 | Create | Villager (Male) |
| 27:45 | Create | Villager (Male) |
| 27:46 | Create | Villager (Male) |
| 28:06 | Create | Conquistador |
| 28:12 | Create | Conquistador ×3 |
| 28:16 | Build | Farm |
| 29:08 | Build | Farm |
| 29:08 | Build | Farm |
| 29:11 | Build | House |
| 29:13 | Build | House |
| 29:13 | Build | House |
| 29:13 | Build | House |
| 29:13 | Build | House |
| 29:14 | Build | House |
| 29:21 | Build | Lumber Camp |
| 29:28 | Build | Town Center |
| 29:34 | Build | Farm |
| 29:35 | Build | Farm |
| 29:49 | Build | Farm |
| 29:50 | Build | Farm |
| 29:57 | Create | Battering Ram |
| 29:57 | Create | Battering Ram |
| 30:03 | Build | Farm |
| 30:04 | Build | Farm |
| 30:30 | Create | Villager (Male) |
| 30:30 | Create | Villager (Male) |
| 30:30 | Create | Villager (Male) |
| 30:35 | Create | Villager (Male) |
| 30:35 | Create | Villager (Male) |
| 30:35 | Create | Villager (Male) |
| 30:39 | Create | Battering Ram |
| 31:12 | Build | Farm |
| 31:22 | Create | Villager (Male) |
| 31:23 | Create | Villager (Male) |
| 31:23 | Create | Villager (Male) |
| 31:23 | Create | Villager (Male) |
| 31:27 | Build | Farm |
Build order — Mobea18
First 150 of 199 actions detected
| 0:12 | Create | Villager (Male) |
| 0:12 | Create | Villager (Male) |
| 0:13 | Create | Villager (Male) |
| 0:13 | Create | Villager (Male) |
| 0:13 | Create | Villager (Male) |
| 0:17 | Build | House |
| 1:16 | Build | Palisade Wall |
| 1:22 | Build | Palisade Gate |
| 2:16 | Create | Villager (Male) |
| 2:32 | Build | House |
| 3:04 | Build | Mill |
| 3:22 | Create | Villager (Male) |
| 3:22 | Create | Villager (Male) |
| 3:22 | Create | Villager (Male) |
| 3:56 | Build | House |
| 3:59 | Build | House |
| 4:05 | Create | Villager (Male) |
| 4:07 | Create | Villager (Male) |
| 4:56 | Create | Villager (Male) |
| 4:57 | Create | Villager (Male) |
| 4:57 | Create | Villager (Male) |
| 5:11 | Create | Villager (Male) |
| 5:17 | Build | House |
| 5:46 | Build | Lumber Camp |
| 6:01 | Build | House |
| 6:02 | Build | House |
| 6:17 | Create | Villager (Male) |
| 6:17 | Create | Villager (Male) |
| 6:44 | Create | Villager (Male) |
| 6:55 | Build | Mining Camp |
| 7:42 | Create | Villager (Male) |
| 7:42 | Create | Villager (Male) |
| 7:50 | Build | Mining Camp |
| 8:37 | Create | Villager (Male) |
| 8:37 | Create | Villager (Male) |
| 8:37 | Create | Villager (Male) |
| 8:38 | Create | Villager (Male) |
| 8:38 | Create | Villager (Male) |
| 9:01 | Create | Villager (Male) |
| 9:33 | Create | Villager (Male) |
| 9:33 | Create | Villager (Male) |
| 10:05 | Create | Villager (Male) |
| 10:53 | Create | Villager (Male) |
| 10:53 | Create | Villager (Male) |
| 11:30 | Build | Farm |
| 11:31 | Build | Farm |
| 11:32 | Build | Farm |
| 11:34 | Build | Farm |
| 11:35 | Build | Farm |
| 11:36 | Build | Farm |
| 11:37 | Build | Farm |
| 11:38 | Build | Farm |
| 12:12 | Build | Barracks |
| 12:28 | Build | Farm |
| 12:36 | Create | Villager (Male) |
| 12:37 | Create | Villager (Male) |
| 13:12 | Build | Farm |
| 13:29 | Build | Farm |
| 13:37 | Build | Barracks |
| 13:52 | Research | Feudal Age |
| 14:48 | Create | Villager (Male) |
| 14:48 | Create | Villager (Male) |
| 14:48 | Create | Villager (Male) |
| 14:48 | Create | Villager (Male) |
| 15:18 | Build | House |
| 15:21 | Build | House |
| 15:23 | Build | House |
| 15:26 | Build | House |
| 15:28 | Build | House |
| 15:29 | Build | House |
| 15:30 | Build | House |
| 15:34 | Build | House |
| 15:35 | Build | House |
| 15:56 | Age | Feudal Age |
| 15:57 | Research | Horse Collar |
| 16:02 | Research | Double-Bit Axe |
| 16:06 | Research | Gold Mining |
| 16:17 | Research | Stone Mining |
| 16:35 | Build | Stone Wall |
| 16:40 | Build | Gate |
| 16:48 | Create | Villager (Male) |
| 16:48 | Create | Villager (Male) |
| 16:48 | Create | Villager (Male) |
| 16:49 | Create | Villager (Male) |
| 16:59 | Build | Market |
| 17:09 | Create | Villager (Male) |
| 17:09 | Create | Villager (Male) |
| 18:00 | Build | Watch Tower |
| 18:53 | Build | Watch Tower |
| 19:24 | Build | Stable |
| 19:26 | Build | Stable |
| 19:28 | Build | Stable |
| 19:40 | Create | Villager (Male) |
| 19:41 | Create | Villager (Male) |
| 19:41 | Create | Villager (Male) |
| 19:41 | Create | Villager (Male) |
| 19:41 | Create | Villager (Male) |
| 19:42 | Create | Villager (Male) |
| 19:42 | Create | Villager (Male) |
| 20:16 | Build | Stone Wall |
| 20:24 | Build | Stone Wall |
| 20:29 | Build | Gate |
| 21:09 | Build | Stable |
| 21:38 | Build | Farm |
| 21:48 | Research | Wheelbarrow |
| 21:59 | Build | Farm |
| 22:12 | Create | Trade Cart |
| 22:13 | Create | Trade Cart |
| 22:13 | Create | Trade Cart |
| 22:13 | Create | Trade Cart |
| 22:13 | Create | Trade Cart |
| 23:17 | Research | Castle Age |
| 23:29 | Build | Archery Range |
| 23:31 | Build | Archery Range |
| 23:33 | Build | Archery Range |
| 23:34 | Build | Archery Range |
| 23:55 | Build | Watch Tower |
| 24:03 | Build | Watch Tower |
| 24:17 | Create | Trade Cart |
| 24:17 | Create | Trade Cart |
| 24:29 | Build | Barracks |
| 24:54 | Build | Barracks |
| 25:14 | Build | Farm |
| 25:34 | Build | House |
| 25:36 | Build | House |
| 25:37 | Build | House |
| 25:39 | Build | House |
| 25:42 | Age | Castle Age |
| 25:50 | Research | Heavy Plow |
| 26:06 | Research | Bow Saw |
| 26:19 | Build | Town Center |
| 26:25 | Build | Town Center |
| 27:01 | Build | Town Center |
| 27:51 | Build | Monastery |
| 27:58 | Build | Farm |
| 28:13 | Create | Villager (Male) |
| 28:13 | Create | Villager (Male) |
| 28:13 | Create | Villager (Male) |
| 28:14 | Create | Villager (Male) |
| 28:14 | Create | Villager (Male) |
| 28:14 | Create | Villager (Male) |
| 28:14 | Create | Villager (Male) |
| 28:14 | Create | Villager (Male) |
| 28:15 | Create | Villager (Male) |
| 28:15 | Create | Villager (Male) |
| 28:15 | Create | Villager (Male) |
| 28:15 | Create | Villager (Male) |
| 28:16 | Create | Villager (Male) |
| 28:16 | Create | Villager (Male) |
| 28:16 | Create | Villager (Male) |
Build order — NiggoPuschel92
First 150 of 156 actions detected
| 0:15 | Build | House |
| 0:16 | Build | House |
| 0:21 | Create | Villager (Male) ×4 |
| 0:36 | Build | Palisade Wall |
| 2:03 | Create | Villager (Male) |
| 2:40 | Create | Villager (Male) |
| 3:12 | Create | Villager (Male) |
| 3:13 | Create | Villager (Male) |
| 3:47 | Create | Villager (Male) |
| 4:14 | Create | Villager (Male) |
| 4:14 | Create | Villager (Male) |
| 4:26 | Build | House |
| 4:33 | Build | Lumber Camp |
| 4:46 | Create | Villager (Male) |
| 4:46 | Create | Villager (Male) |
| 6:43 | Create | Villager (Male) |
| 6:44 | Create | Villager (Male) |
| 6:44 | Create | Villager (Male) |
| 6:44 | Create | Villager (Male) |
| 7:07 | Research | Double-Bit Axe |
| 7:21 | Build | House |
| 8:26 | Build | Mill |
| 8:34 | Create | Villager (Male) |
| 8:35 | Create | Villager (Male) |
| 8:35 | Create | Villager (Male) |
| 8:35 | Create | Villager (Male) |
| 8:35 | Create | Villager (Male) |
| 9:05 | Build | House |
| 9:54 | Create | Villager (Male) |
| 11:36 | Research | Feudal Age |
| 11:52 | Create | Villager (Male) |
| 11:53 | Create | Villager (Male) |
| 13:24 | Research | Horse Collar |
| 13:46 | Age | Feudal Age |
| 13:47 | Research | Heavy Plow |
| 13:47 | Research | Heavy Plow |
| 14:11 | Research | Bow Saw |
| 14:30 | Build | Farm |
| 14:30 | Build | Farm |
| 14:31 | Build | Farm |
| 14:32 | Build | Farm |
| 14:32 | Build | Farm |
| 14:33 | Build | Farm |
| 14:33 | Build | Farm |
| 14:34 | Build | Farm |
| 14:34 | Build | Farm |
| 14:35 | Build | Farm |
| 14:36 | Build | Farm |
| 14:36 | Build | Farm |
| 14:37 | Build | Farm |
| 14:38 | Build | Farm |
| 14:50 | Build | Mining Camp |
| 15:19 | Create | Villager (Male) |
| 15:19 | Create | Villager (Male) |
| 15:19 | Create | Villager (Male) |
| 15:27 | Build | House |
| 15:47 | Create | Villager (Male) |
| 15:47 | Create | Villager (Male) |
| 16:03 | Research | Stone Mining |
| 17:18 | Build | Mining Camp |
| 17:26 | Build | Market |
| 17:38 | Build | Market |
| 17:46 | Build | Blacksmith |
| 18:21 | Build | House |
| 18:22 | Build | House |
| 18:24 | Build | House |
| 18:28 | Build | House |
| 18:48 | Research | Castle Age |
| 19:06 | Build | Farm |
| 19:07 | Build | Farm |
| 19:50 | Research | Stone Shaft Mining |
| 20:21 | Build | Farm |
| 20:42 | Create | Villager (Male) ×5 |
| 21:28 | Age | Castle Age |
| 21:32 | Build | Town Center |
| 21:50 | Research | Two-Man Saw |
| 22:08 | Build | Town Center |
| 22:21 | Build | Castle |
| 22:39 | Create | Villager (Male) ×5 |
| 23:09 | Create | Villager (Male) ×5 |
| 23:14 | Research | Gold Mining |
| 23:38 | Build | Farm |
| 23:40 | Build | Farm |
| 23:54 | Research | Gold Shaft Mining |
| 23:59 | Create | Villager (Male) ×5 |
| 24:55 | Create | Villager (Male) |
| 24:56 | Create | Villager (Male) |
| 24:56 | Create | Villager (Male) |
| 25:09 | Build | Farm |
| 25:10 | Build | Farm |
| 25:12 | Create | Villager (Male) |
| 25:13 | Create | Villager (Male) |
| 26:01 | Create | Villager (Male) |
| 26:02 | Create | Villager (Male) |
| 26:02 | Create | Villager (Male) |
| 26:02 | Create | Villager (Male) |
| 26:03 | Create | Villager (Male) |
| 26:04 | Create | Villager (Male) |
| 26:16 | Build | Farm |
| 26:16 | Build | Farm |
| 26:17 | Build | Farm |
| 26:17 | Build | Farm |
| 26:18 | Build | Farm |
| 26:19 | Build | Farm |
| 26:36 | Create | Villager (Male) |
| 26:36 | Create | Villager (Male) |
| 26:36 | Create | Villager (Male) |
| 27:30 | Create | Trade Cart |
| 27:31 | Create | Trade Cart |
| 27:31 | Create | Trade Cart |
| 27:32 | Create | Trade Cart |
| 28:01 | Research | Imperial Age |
| 28:31 | Research | Burgundian Vineyards |
| 28:59 | Build | Farm |
| 28:59 | Build | Farm |
| 29:06 | Create | Villager (Male) |
| 29:06 | Create | Villager (Male) |
| 29:06 | Create | Villager (Male) |
| 29:07 | Create | Villager (Male) |
| 29:07 | Create | Villager (Male) |
| 31:11 | Age | Imperial Age |
| 31:12 | Research | Elite Coustillier (upgrade) |
| 31:12 | Research | Elite Coustillier (upgrade) |
| 31:13 | Research | Conscription |
| 31:19 | Research | Scale Barding Armor |
| 31:35 | Research | Forging |
| 32:13 | Build | Stone Wall |
| 32:25 | Research | Chain Barding Armor |
| 32:29 | Create | Coustillier |
| 32:29 | Create | Coustillier |
| 32:30 | Create | Coustillier |
| 32:30 | Create | Coustillier |
| 32:55 | Research | Iron Casting |
| 34:13 | Research | Plate Barding Armor |
| 34:16 | Create | Coustillier ×5 |
| 34:16 | Create | Coustillier ×2 |
| 35:21 | Build | House |
| 35:22 | Build | House |
| 35:24 | Build | House |
| 35:25 | Build | House |
| 35:26 | Build | House |
| 35:27 | Build | House |
| 35:29 | Build | House |
| 35:30 | Build | House |
| 35:30 | Build | House |
| 35:31 | Build | House |
| 36:05 | Research | Blast Furnace |
| 36:08 | Create | Coustillier |
| 36:09 | Create | Coustillier |
| 36:09 | Create | Coustillier |
Match timeline
| 0:36 | NiggoPuschel92 · wall_segment Palisade Wall x6 |
| 1:16 | Mobea18 · wall_segment Palisade Wall x10 |
| 1:18 | Hynix911 · wall_segment Palisade Wall x7 |
| 12:05 | delmukil · age_up feudal |
| 12:12 | Mobea18 · first_building Barracks |
| 13:17 | Hynix911 · first_building Barracks |
| 13:29 | delmukil · first_market_sell 100 stone |
| 13:46 | NiggoPuschel92 · age_up feudal |
| 14:22 | Hynix911 · age_up feudal |
| 14:22 | delmukil · first_building Stable |
| 15:00 | Hynix911 · wall_segment Stone Wall x8 |
| 15:20 | delmukil · wall_segment Stone Wall x11 |
| 15:37 | delmukil · wall_segment Stone Wall x7 |
| 15:56 | Mobea18 · age_up feudal |
| 16:35 | Mobea18 · wall_segment Stone Wall x10 |
| 17:23 | delmukil · age_up castle |
| 18:07 | delmukil · first_market_buy 100 stone |
| 19:17 | Hynix911 · first_market_buy 100 food |
| 19:24 | Mobea18 · first_building Stable |
| 20:16 | Mobea18 · wall_segment Stone Wall x8 |
| 20:24 | Mobea18 · wall_segment Stone Wall x12 |
| 21:28 | NiggoPuschel92 · age_up castle |
| 22:08 | delmukil · first_building Monastery |
| 22:21 | NiggoPuschel92 · first_building Castle |
| 22:36 | Hynix911 · age_up castle |
| 23:01 | Mobea18 · first_market_buy 100 food |
| 23:29 | Mobea18 · first_building Archery Range |
| 23:56 | Hynix911 · first_building Castle |
| 25:23 | Hynix911 · first_building Monastery |
| 25:42 | Mobea18 · age_up castle |
| 25:47 | delmukil · first_building Siege Workshop |
| 26:24 | Hynix911 · first_building Siege Workshop |
| 27:51 | Mobea18 · first_building Monastery |
| 31:11 | NiggoPuschel92 · age_up imperial |
| 32:13 | NiggoPuschel92 · wall_segment Stone Wall x14 |
| 33:20 | Mobea18 · resign |
| 36:42 | delmukil · wall_segment Stone Wall x3 |
| 36:54 | delmukil · wall_segment Stone Wall x4 |
[ AI ANALYSIS · 1 CREDIT ]
What really happened in this match?
Wolo.gg analyzes every decision: build order, eco, micro, common mistakes by bracket. Personalized analysis on WhatsApp or Discord in 30 seconds.
Civ guide
Khmer
Map guide
Black Forest
Perfil
Jugador #25482221